 Dungeon Crawl Stone Soup version 0.25-a0-937-gcfae464cf3 (webtiles) character file.

Game seed: 8788970529086640339, levelgen mode: deterministic

210 wullow the Shield-Bearer (level 5, 0/42 HPs)
             Began as a Demonspawn Fighter on May 4, 2020.
             Slain by an ogre
             ... wielding a +0 giant club
              (23 damage)
             ... on level 4 of the Dungeon.
             The game lasted 00:05:59 (2617 turns).

wullow the Shield-Bearer (Demonspawn Fighter)       Turns: 2617, Time: 00:05:59

Health: 0/42       AC:  9    Str: 17    XL:     5   Next: 56%
Magic:  5/5        EV:  7    Int:  9    God:
Gold:   93         SH: 10    Dex: 13    Spells: 4/4 levels left

rFire    . . .     SeeInvis +   a - +0 rapier
rCold    . . .     Gourm    .   c - +1 kite shield
rNeg     . . .     Faith    .   b - +0 scale mail
rPois    .         Spirit   .   q - +0 helmet
rElec    .         Reflect  .   (no cloak)
rCorr    .         Harm     .   (no gloves)
MR       .....                  g - +0 pair of boots
Stlth    +.........             (no amulet)
HPRegen  0.14/turn              k - ring of see invisible
MPRegen  0.09/turn              (no ring)

@: no status effects
A: nightstalker 1, spiny 1
a: no special abilities


You were on level 4 of the Dungeon.
You were hungry.

You visited 1 branch of the dungeon, and saw 4 of its levels.

You collected 93 gold pieces.

Inventory:

Hand Weapons
 a - a +0 rapier (weapon)
 j - a +3 whip
 m - a +0 dagger of freezing
Missiles
 l - 136 stones (quivered)
 n - 68 arrows
Armour
 b - a +0 scale mail (worn)
 c - a +1 kite shield (worn)
 g - a +0 pair of boots (worn)
 q - a +0 helmet (worn)
Jewellery
 i - a +3 ring of evasion {unknown}
 k - a ring of see invisible (left hand)
Scrolls
 e - 3 scrolls of identify
 h - a scroll of enchant armour
 o - 2 scrolls of noise
 s - a scroll of remove curse
 t - a scroll of fog {unknown}
 v - a scroll of teleportation {unknown}
Potions
 d - a potion of curing {unknown}
 r - a potion of degeneration {unknown}
 u - 2 potions of flight
Comestibles
 f - 11 rations
 p - a chunk of flesh


   Skills:
 + Level 3.7 Fighting
 * Level 3.5 Short Blades
 - Level 3.0 Armour
 * Level 4.1 Shields


You had 4 spell levels left.
You didn't know any spells.
Your spell library was empty.

Dungeon Overview and Level Annotations

Branches:
Dungeon (4/15)
 Temple: D:4-7

Altars:
Ashenzari

Portals:
Ossuary: D:4

Annotations:
D:4 Duvessa


Innate Abilities, Weirdness & Mutations

You are slightly more attuned to the shadows.
You are partially covered in sharp spines.


Message History

There is an open door here.
You barely miss the mummy.
The mummy is lightly damaged.
The mummy hits you.
You hit the mummy.
The mummy is moderately damaged.
You block the ogre's attack.
Your scale mail prevents you from hitting the mummy.
The mummy is moderately damaged.
You hear the slow hiss of an avalanche of sand.
You block the mummy's attack. The ogre is struck by your spines.
The ogre hits you with a +0 giant club!
You hit the mummy but do no damage.
The mummy is moderately damaged.
The mummy hits you!
You barely miss the mummy.
The mummy is moderately damaged.
The ogre hits you with a +0 giant club!!
Ouch! That really hurt!
You die...

,,,,,,,,** ,,,*,,,,*
*** ,,**,,>,* *#.#
,**,,,,,* **..##
**,,,,,,* **,...#
,,,,,,,>* **,,#..#
,,,,,,,** **,,*#..#
*,,,,,** *#.,###..#
****,,*****..##M@..#
**,*,<**,,,,#.###O.#
*,,*,,,,,,,*#..##..#
*,,*,,**,,**#...#..#
*,**,,*,,**,+......#
,,**,,**,,**#...#..#
*,,,>,***,,*#..##.$#
,,**,,,,,,,.#.#*#..#
,,**,*,,,,*..#*,+..#


You could see an ogre and a mummy.

Vanquished Creatures
  Jessica (D:2)
  Natasha (thrice) (D:2)
  Robin (D:2)
  An adder (D:2)
  An ooze (D:1)
  An adder skeleton (D:4)
  2 worms
  2 dart slugs
  A leopard gecko (D:3)
  A giant cockroach (D:4)
  8 hobgoblins
  13 jackals
  6 kobolds
  A quokka (D:3)
  6 bats
  4 frilled lizards
  13 goblins
  5 rats
70 creatures vanquished.

Notes
Turn   | Place    | Note
-------+----------+-------------------------------------------
     0 | D:1      | wullow the Demonspawn Fighter began the quest for the Orb.
     0 | D:1      | Reached XP level 1. HP: 18/18 MP: 1/1
   111 | D:1      | Gained mutation: You are partially covered in sharp spines.
                  | [demonic ancestry]
   111 | D:1      | Reached XP level 2. HP: 24/24 MP: 2/2
   136 | D:1      | Reached skill level 3 in Shields
   639 | D:1      | Gained mutation: You are slightly more attuned to the
                  | shadows. [demonic ancestry]
   639 | D:1      | Reached XP level 3. HP: 29/29 MP: 3/3
  1009 | D:2      | Noticed Jessica
  1013 | D:2      | Killed Jessica
  1013 | D:2      | Reached XP level 4. HP: 21/35 MP: 4/4
  1166 | D:2      | Noticed Robin
  1237 | D:2      | Killed Robin
  1259 | D:2      | You fall into a shaft and drop 1 floor!
  1396 | D:2      | Noticed Natasha
  1400 | D:2      | Killed Natasha
  1454 | D:2      | Noticed Natasha
  1463 | D:2      | Killed Natasha
  1463 | D:2      | Reached XP level 5. HP: 33/41 MP: 5/5
  1521 | D:2      | Noticed Natasha
  1527 | D:2      | Killed Natasha
  1527 | D:2      | Reached skill level 4 in Shields
  2514 | D:4      | Found a shattered altar of Ashenzari.
  2514 | D:4      | Noticed Duvessa
  2576 | D:4      | Noticed an ogre
  2611 | D:4      | Found a sand-covered staircase.
  2617 | D:4      | Slain by an ogre

Levels and vault maps discovered:
D:1:      minmay_arrival_loop, layout_basic
D:2:      layout_rooms, first_ration, uniq_robin, uniq_jessica, uniq_natasha
D:3:      layout_basic, chequers_serial_rivers_room_b
D:4:      layout_rooms, lemuel_round_altar, ashenzari_conservatory_becter,
          nicolae_ossuary_entry_giza, minmay_misc_feat_iff, uniq_duvessa,
          uniq_ijyb, uniq_pikel

Skill      XL: |  1  2  3  4  5 |
---------------+----------------+-----
Short Blades   | 2 3 |  3.5
Shields        | 3 4 |  4.1
Armour         | 3 |  3.0
Fighting       | |  3.7

Action                   |  1- 3 |  4- 6 || total
-------------------------+-------+-------++-------
Melee: Rapier            |    78 |    98 ||   176
  Use: Potion            |     1 |       ||     1
       Scroll            |       |     5 ||     5
  Eat: Chunk             |       |     5 ||     5
Armor: Scale mail        |    28 |    42 ||    70
Dodge: Dodged            |     9 |    17 ||    26
Block: Kite shield       |    36 |    47 ||    83

Table legend:
 A = Non-vault XP
 B = Vault XP
 C = Vault XP percentage of total XP
 D = Non-vault monster count
 E = Vault monster count
 F = Vault count percentage of total count
                 A         B        C        D         E       F
            +---------+---------+-------+---------+---------+-------
      Total |     194 |     106 |  35.3 |      57 |      13 |  18.6
            +---------+---------+-------+---------+---------+-------
        D:1 |      41 |       0 |   0.0 |      21 |       0 |   0.0
        D:2 |     108 |     106 |  49.5 |      14 |      13 |  48.1
        D:3 |      38 |       0 |   0.0 |      20 |       0 |   0.0
        D:4 |       7 |       0 |   0.0 |       2 |       0 |   0.0
            +---------+---------+-------+---------+---------+-------
